 Dungeon Crawl Stone Soup version 0.32-a0-961-gd60f5e5fc7 (webtiles) character file.

Game seed: 16226462188161527202

13284 zazu2006 the Blocker (level 12, -5/91 HPs)
             Began as a Gnoll Wanderer on Apr 17, 2024.
             Was an Elder of Vehumet.
             Shot with an arrow by a centaur warrior (12 damage)
             ... on level 12 of the Dungeon.
             The game lasted 00:44:37 (6172 turns).

zazu2006 the Blocker (Gnoll Wanderer)               Turns: 6172, Time: 00:44:37

Health: -5/91      AC: 11    Str: 13      XL:     12   Next: 4%
Magic:  17/22      EV: 17    Int: 12 (13) God:    Vehumet [****..]
Gold:   443        SH:  6    Dex: 13 (14) Spells: 14/25 levels left

rFire   . . .        D - +2 falchion (holy)
rCold   . . .        c - +0 buckler
rNeg    . . .        F - +0 acid dragon scales
rPois   .            s - +0 helmet {SInv}
rElec   .            A - +0 cloak
rCorr   +            w - +0 pair of gloves {hurl}
SInv    +            (no boots)
Will    .....        (no amulet)
Stlth   +++          f - +5 ring of evasion
HPRegen 0.35/turn    u - ring of wizardry
MPRegen 0.18/turn

%: wizardry (x1)
@: no status effects
A: fangs 1, strong nose, distributed training
a: Renounce Religion


You were on level 12 of the Dungeon.
You worshipped Vehumet.
Vehumet was greatly pleased with you.
You visited 3 branches of the dungeon, and saw 15 of its levels.

You collected 443 gold pieces.

Inventory:

Hand Weapons
 C - a +5 flail of draining
 D - a +2 falchion of holy wrath (weapon)
 N - the +8 trident of Putrescence {speed, Str+3}
   (You found it on level 10 of the Dungeon)

   Str+3:     It affects your strength (+3).
 Q - the +4 war axe of the Onslaught {flame, rPois Will- Str+6}
   (You found it on level 12 of the Dungeon)

   Str+6:     It affects your strength (+6).
   rPois:     It protects you from poison.
   Will-:     It decreases your willpower.
Missiles
 a - a javelin (quivered)
 G - 14 poisoned darts
Armour
 c - a +0 buckler (worn)
 g - the +1 robe "Cyty" {rF+ Regen+ rCorr Dex-5}
   (You found it on level 9 of the Dungeon)

   Dex-5:     It affects your dexterity (-5).
   rF+:       It protects you from fire.
   Regen+:    It increases your rate of health regeneration.
   rCorr:     It protects you from acid and corrosion.
 s - a +0 helmet of see invisible (worn)
 w - a +0 pair of gloves of hurling (worn)
 x - a +1 ring mail of cold resistance
 A - a +0 cloak (worn)
 F - +0 acid dragon scales (worn)
Jewellery
 f - a +5 ring of evasion (left hand)
 u - a ring of wizardry (right hand)
 L - a ring of ice
Wands
 i - a wand of charming (3)
 q - a wand of digging (6)
 y - a wand of flame (15)
 B - a wand of polymorph (11)
 J - a wand of roots (3)
 K - a wand of light (3)
 O - a wand of mindburst (18)
Scrolls
 e - a scroll of immolation {unknown}
 h - 2 scrolls of fog
 j - a scroll of brand weapon {unknown}
 n - 4 scrolls of vulnerability
 p - a scroll of teleportation
 v - 2 scrolls of noise
 E - 3 scrolls of poison
 I - a scroll of acquirement {unknown}
 P - a scroll of amnesia {unknown}
Potions
 b - 3 potions of haste
 d - a potion of attraction {unknown}
 k - a potion of ambrosia
 l - 3 potions of curing
 m - a potion of lignification {unknown}
 o - a potion of degeneration
 r - 2 potions of enlightenment
 t - 2 potions of berserk rage
 H - a potion of brilliance


   Skills:
 + Level 7.1 Fighting
 + Level 8.5 Short Blades
 + Level 9.8 Long Blades
 + Level 7.1 Axes
 + Level 7.1 Maces & Flails
 + Level 7.1 Polearms
 + Level 7.1 Staves
 + Level 7.1 Ranged Weapons
 + Level 7.1 Throwing
 + Level 7.1 Armour
 + Level 7.1 Dodging
 + Level 7.1 Stealth
 + Level 9.8 Shields
 + Level 7.1 Unarmed Combat
 + Level 7.1 Spellcasting
 + Level 5.9 Conjurations
 + Level 5.9 Hexes
 + Level 5.9 Summonings
 + Level 5.9 Necromancy
 + Level 5.9 Translocations
 + Level 5.9 Fire Magic
 + Level 5.9 Ice Magic
 + Level 5.9 Air Magic
 + Level 5.9 Earth Magic
 + Level 5.9 Alchemy
 + Level 7.8 Invocations
 + Level 8.5 Evocations
 + Level 6.5 Shapeshifting


You had 14 spell levels left.
You knew the following spells:

 Your Spells              Type           Power      Damage    Failure   Level
a - Magic Dart            Conj           72%        1d6       1%          1
b - Blink                 Tloc           36%        N/A       1%          2
c - Sting                 Conj/Alch      72%        1d7       1%          1
d - Mephitic Cloud        Conj/Alch/Air  18%        N/A       1%          3
e - Sticky Flame          Fire/Alch      18%        2d6       2%          4

Your spell library contained the following spells:

 Spells                   Type           Power      Damage    Failure   Level
 Volatile Blastmotes      Fire/Tloc      36%        2d13      1%          3
 Freeze                   Ice            72%        1d8       1%          1
 Call Imp                 Summ           36%        N/A       1%          2
 Ensorcelled Hibernation  Hex/Ice        36%        N/A       1%          2
 Sublimation of Blood     Necr           18%        N/A       1%          2
 Frozen Ramparts          Ice            36%        1d6       1%          3
 Hailstorm                Conj/Ice       18%        3d7       1%          3
 Inner Flame              Hex/Fire       18%        N/A       1%          3
 Flame Wave               Conj/Fire      18%        2d7       2%          4
 Fugue of the Fallen      Necr           18%        N/A       3%          3
 Arcjolt                  Conj/Air       9%         1d19      7%          5
 Irradiate                Conj/Alch      9%         3d14      7%          5
 Anguish                  Hex/Necr       9%         N/A       10%         4
 Animate Dead             Necr           18%        N/A       10%         4
 Vhi's Electric Charge    Tloc/Air       36%        N/A       10%         4
 Borgnjor's Vile Clutch   Necr/Erth      9%         N/A       26%         5
 Curse of Agony           Necr           18%        N/A       26%         5
 Plasma Beam              Fire/Air       9%         2x1d19    32%         6
 Death Channel            Necr           9%         N/A       80%         6
 Ignition                 Fire           9%         3d5       99%         8
 Rimeblight               Ice/Necr       9%         2d4       (prima100%   7


Dungeon Overview and Level Annotations

Branches:
Dungeon (13/15)            Temple (1/1) D:4             Orc (1/2) D:12
   Lair: D:8-11      Vaults: D:13-14

Altars:
Ashenzari
Dithmenos
Elyvilon
Fedhas
Hepliaklqana
Kikubaaqudgha
Makhleb
Nemelex Xobeh
Okawaru
Qazlal
Ru
Sif Muna
Trog
Vehumet
Wu Jian
Xom
Yredelemnul
Zin
The Shining One

Shops:
D:6 =   D:9 (

Annotations:
D:12 1 runed translucent door


Innate Abilities, Weirdness & Mutations

You have very sharp teeth.
Your uncanny sense of smell can sniff out nearby items.
Your experience applies equally to all skills.


Message History

A two-headed ogre comes into view.
It is wielding a +0 giant spiked club and a +0 giant club.
Unknown command.
You can't go down here!
The ogre closely misses you.
The orc knight is engulfed in noxious fumes.
The orc knight appears confused.
You climb upwards.
Welcome back to the Dungeon!
Level annotation: 1 runed translucent door
There is a staircase to the Orcish Mines here.
Unknown command.
Unknown command.
You hit the ogre.
The ogre is lightly wounded.
You closely miss the ogre.
The ogre is lightly wounded.
You block the ogre's attack.
You hit the ogre.
The ogre is moderately wounded.
The ogre barely misses you.
You barely miss the ogre.
The ogre is moderately wounded.
You slash the ogre!
The ogre is severely wounded.
The ogre hits you but does no damage.
You barely miss the ogre.
The ogre is severely wounded.
You slash the ogre!
You kill the ogre!
Vehumet accepts your kill.
Vehumet is now extending the range of your destructive spells.
You feel your power returning.
Things that are here:
a +0 giant club; an ogre corpse The cyclops shouts!
The cyclops throws a large rock.
The large rock hits you!!!
* * * LOW HITPOINT WARNING * * *
Unknown command.
The centaur warrior wields a +0 orcbow.
The centaur warrior shoots an arrow.
The arrow hits you!
You die...

.....#.#...........#
.....#.####.#......#
######.# #.#..#####
#......# #.######
#.#########......#..
#.#.......######.#.#
#.#............#.#.#
#...#####......#.#.#
##### ##.....#@#C#
#.....#.#.#
#.....#.#.# #
###[###...##..##
#.)# ##.....### #.##
##.#####.. #.# #.#
.#
#########(######c#
.................#


You could see a centaur warrior.

Vanquished Creatures
  Fannar (D:10)
  A centaur warrior (D:11)
  2 two-headed ogres
  An ugly thing (D:11)
  2 cyclopes
  A gargoyle (D:12)
  An unseen horror (D:11)
  A kobold demonologist (D:11)
  Maggie (D:7)
  An efreet (D:13)
  4 komodo dragons
  2 trolls
  2 hornets
  2 shadows
  A wyvern (D:7)
  A wraith (D:10)
  9 yaks
  Eustachio (D:5)
  A vampire mosquito (D:11)
  Edmund (D:5)
  Menkaure (D:4)
  Duvessa (D:4)
  3 acid dragons
  A water moccasin (D:6)
  3 sky beasts
  2 ice beasts
  3 orc warriors
  6 centaurs
  2 ogres
  A phantom (D:7)
  4 bullfrogs
  Blork the orc (D:6)
  2 scorpions
  A gnoll sergeant (D:9)
  Dowan (D:4)
  17 killer bees (D:9)
  6 howler monkeys
  An orc priest (D:8)
  A jelly (D:8)
  2 gnoll boudas
  2 hounds
  4 iguanas
  6 orc wizards
  A sleepcap (D:5)
  14 gnolls
  3 adders
  4 white imps
  A dart slug (D:4)
  24 orcs
  3 ball pythons
  4 endoplasms
  A giant cockroach (D:4)
  2 goblins
  2 hobgoblins
  4 quokkas
  4 bats
  2 frilled lizards
  2 kobolds (D:1)
  7 rats
185 creatures vanquished.

Notes
Turn   | Place    | Note
-------+----------+-------------------------------------------
     0 | D:1      | zazu2006 the Gnoll Wanderer began the quest for the Orb.
     0 | D:1      | zazu2006 set off with the following items: a +2 falchion, a
                  | +0 short sword, a +0 buckler, a potion of invisibility, a
                  | +0 leather armour.
     0 | D:1      | Reached XP level 1. HP: 13/13 MP: 1/1
    98 | D:1      | Reached XP level 2. HP: 11/19 MP: 2/2
   593 | D:2      | Reached XP level 3. HP: 25/25 MP: 3/3
   634 | D:2      | Reached skill level 1 in Invocations
   684 | D:4      | Noticed Menkaure
   685 | D:4      | Noticed Duvessa
   687 | D:4      | Noticed Dowan
   689 | D:4      | Noticed an ogre
   696 | D:3      | Reached skill level 1 in Fighting
   696 | D:3      | Reached skill level 1 in Axes
   696 | D:3      | Reached skill level 1 in Maces & Flails
   696 | D:3      | Reached skill level 1 in Polearms
   696 | D:3      | Reached skill level 1 in Staves
   696 | D:3      | Reached skill level 1 in Ranged Weapons
   696 | D:3      | Reached skill level 1 in Throwing
   696 | D:3      | Reached skill level 1 in Armour
   696 | D:3      | Reached skill level 1 in Dodging
   696 | D:3      | Reached skill level 1 in Stealth
   696 | D:3      | Reached skill level 1 in Unarmed Combat
   696 | D:3      | Reached skill level 1 in Spellcasting
   696 | D:3      | Reached skill level 1 in Shapeshifting
   696 | D:3      | Reached XP level 4. HP: 16/32 MP: 5/5
   923 | D:3      | Learned a level 1 spell: Magic Dart
   926 | D:3      | Learned a level 2 spell: Blink
  1031 | D:4      | Found a staircase to the Ecumenical Temple.
  1043 | Temple   | Entered the Ecumenical Temple
  1051 | Temple   | Reached skill level 1 in Conjurations
  1051 | Temple   | Reached skill level 1 in Hexes
  1051 | Temple   | Reached skill level 1 in Summonings
  1051 | Temple   | Reached skill level 1 in Necromancy
  1051 | Temple   | Reached skill level 1 in Translocations
  1051 | Temple   | Reached skill level 1 in Fire Magic
  1051 | Temple   | Reached skill level 1 in Ice Magic
  1051 | Temple   | Reached skill level 1 in Air Magic
  1051 | Temple   | Reached skill level 1 in Earth Magic
  1051 | Temple   | Reached skill level 1 in Alchemy
  1065 | Temple   | Became a worshipper of Vehumet
  1083 | D:4      | Killed Dowan
  1084 | D:4      | Reached XP level 5. HP: 37/37 MP: 5/7
  1141 | D:4      | Killed Menkaure
  1142 | D:4      | Reached skill level 5 in Short Blades
  1142 | D:4      | Reached skill level 5 in Evocations
  1142 | D:4      | Reached XP level 6. HP: 17/44 MP: 0/9
  1177 | D:4      | Reached XP level 7. HP: 31/51 MP: 4/10
  1260 | D:4      | Killed Duvessa
  1298 | D:4      | Reached * piety under Vehumet
  1298 | D:4      | Offered knowledge of Sting by Vehumet.
  1303 | D:4      | Found a glowing golden altar of the Shining One.
  1443 | D:5      | Entered Level 5 of the Dungeon
  1597 | D:5      | Learned a level 1 spell: Sting
  1701 | D:5      | Noticed Eustachio
  1702 | D:5      | Noticed Edmund
  1742 | D:5      | Killed Edmund
  1743 | D:5      | Reached XP level 8. HP: 57/58 MP: 12/12
  1780 | D:5      | Killed Eustachio
  1793 | D:6      | Found a stormy altar of Qazlal.
  2013 | D:6      | Noticed Blork the orc
  2026 | D:6      | Killed Blork the orc
  2037 | D:6      | Found Muem's Jewellery Emporium.
  2108 | D:7      | Noticed a wyvern
  2117 | D:7      | Found an ornate altar of the Wu Jian Council.
  2199 | D:7      | Killed a wyvern
  2200 | D:7      | Reached XP level 9. HP: 45/65 MP: 10/15
  2351 | D:7      | Offered knowledge of Foxfire by Vehumet.
  2356 | D:7      | Reached ** piety under Vehumet
  2402 | D:7      | Noticed Maggie
  2412 | D:7      | Killed Maggie
  2751 | D:8      | Reached skill level 5 in Invocations
  3105 | D:8      | Reached skill level 5 in Fighting
  3105 | D:8      | Reached skill level 5 in Axes
  3105 | D:8      | Reached skill level 5 in Maces & Flails
  3105 | D:8      | Reached skill level 5 in Polearms
  3105 | D:8      | Reached skill level 5 in Staves
  3105 | D:8      | Reached skill level 5 in Ranged Weapons
  3105 | D:8      | Reached skill level 5 in Throwing
  3105 | D:8      | Reached skill level 5 in Armour
  3105 | D:8      | Reached skill level 5 in Dodging
  3105 | D:8      | Reached skill level 5 in Stealth
  3105 | D:8      | Reached skill level 5 in Unarmed Combat
  3105 | D:8      | Reached skill level 5 in Spellcasting
  3105 | D:8      | Reached XP level 10. HP: 59/74 MP: 13/17
  3737 | D:9      | Identified the +1 robe "Cyty" {rF+ Regen+ rCorr Dex-5}
  3894 | D:9      | Offered knowledge of Mephitic Cloud by Vehumet.
  3906 | D:9      | Reached skill level 5 in Shapeshifting
  3921 | D:9      | Learned a level 3 spell: Mephitic Cloud
  3936 | D:9      | Found a shadowy altar of Dithmenos.
  4015 | D:9      | Found a shimmering altar of Xom.
  4264 | D:9      | Reached *** piety under Vehumet
  4310 | D:9      | Found Jeixt's Weapon Emporium.
  4444 | D:10     | Entered Level 10 of the Dungeon
  4489 | D:10     | Noticed Fannar
  4490 | D:10     | Identified the +8 trident of Putrescence {speed, Str+3}
  4529 | D:9      | Learned a level 4 spell: Sticky Flame
  4781 | D:10     | Killed Fannar
  4782 | D:10     | Reached skill level 5 in Conjurations
  4782 | D:10     | Reached skill level 5 in Hexes
  4782 | D:10     | Reached skill level 5 in Summonings
  4782 | D:10     | Reached skill level 5 in Necromancy
  4782 | D:10     | Reached skill level 5 in Translocations
  4782 | D:10     | Reached skill level 5 in Fire Magic
  4782 | D:10     | Reached skill level 5 in Ice Magic
  4782 | D:10     | Reached skill level 5 in Air Magic
  4782 | D:10     | Reached skill level 5 in Earth Magic
  4782 | D:10     | Reached skill level 5 in Alchemy
  4782 | D:10     | Reached XP level 11. HP: 28/81 MP: 2/20
  5111 | D:11     | Offered knowledge of Volatile Blastmotes by Vehumet.
  5115 | D:11     | Noticed a cyclops
  5129 | D:11     | HP: 4/82 [cyclops/large rock (38)]
  5180 | D:10     | Killed a cyclops
  5244 | D:11     | Noticed a centaur warrior
  5271 | D:11     | Killed a centaur warrior
  5298 | D:11     | Noticed a manticore
  5313 | D:11     | Noticed a deep elf pyromancer
  5387 | D:11     | Noticed a two-headed ogre
  5400 | D:11     | Killed a two-headed ogre
  5530 | D:11     | Noticed a white ugly thing
  5553 | D:11     | Killed a white ugly thing
  5721 | D:12     | Noticed a two-headed ogre
  5748 | D:12     | Killed a two-headed ogre
  5773 | D:12     | Found a runed translucent door.
  5834 | D:12     | Noticed a storm dragon
  5835 | D:12     | Noticed an ettin
  5836 | D:12     | Noticed a flayed ghost
  5859 | D:12     | Identified the +4 war axe of the Onslaught {flame, rPois
                  | Will- Str+6}
  5917 | D:13     | Noticed a catoblepas
  6030 | D:12     | Noticed a cyclops
  6061 | D:12     | Noticed a centaur warrior
  6065 | D:12     | Killed a cyclops
  6066 | D:12     | Reached XP level 12. HP: 86/91 MP: 14/22
  6122 | D:12     | Found a staircase to the Orcish Mines.
  6127 | Orc:1    | Entered Level 1 of the Orcish Mines
  6127 | Orc:1    | Noticed a two-headed ogre
  6130 | Orc:1    | Noticed a two-headed ogre
  6130 | Orc:1    | Noticed a two-headed ogre
  6131 | Orc:1    | Noticed an ogre mage
  6131 | Orc:1    | Noticed a two-headed ogre
  6132 | Orc:1    | Noticed a two-headed ogre
  6133 | Orc:1    | Noticed a two-headed ogre
  6141 | D:12     | Reached **** piety under Vehumet
  6172 | D:12     | Shot with an arrow by a centaur warrior

Illustrated notes

Levels and vault maps discovered:
D:1:      dpeg_arrival_arbitrary_b, layout_rooms,
          nicolae_concentric_dashed_squares_wild
D:2:      minmay_evil_eye, layout_basic
D:3:      layout_basic, dancing_weapons_uskayaw
D:4:      layout_gridville, kennysheep_mini_moat, temple_pool_b,
          serial_library_hellmonk_open_square, uniq_menkaure, uniq_duvessa
D:5:      layout_loops_ring, gammafunk_ghost_smash, uniq_eustachio, uniq_edmund,
          uniq_sigmund
D:6:      layout_cave_pools, chei_slow_surprise,
          nicolae_qazlal_scattered_showers, minmay_shop_enchanted_jewellery,
          uniq_blork_the_orc
D:7:      layout_cave_pods, grunt_gozag_statues, mainiacjoe_overflow_alcove_4,
          fountainhead, minivault_22, uniq_maggie
D:8:      layout_loops_ring, erik_lair_dragon, serial_co_window_serial,
          co_window_corner_a, co_window_of_opportunity_a, co_window_corner_a,
          co_window_of_opportunity_a, co_window_paths_a, co_window_paths_b,
          co_window_broadway_b, co_window_corner_cb, co_window_cross_2,
          glass_columns_b, glass_columns_c, glass_columns_b, glass_columns_a,
          glass_columns_a
D:9:      layout_roguey, grunt_dithmenos_shadows,
          nicolae_overflow_crystal_walls, serial_shops, shop,
          grunt_ministairs_14
D:10:     layout_irregular_city, uniq_fannar
D:11:     layout_roguey, nicolae_doodle_vault
D:12:     layout_long_grid, orc_0_dummy, serial_co_window_serial,
          co_window_corner_a, co_window_of_opportunity_a, co_window_corner_a,
          co_window_paths_b, co_window_paths_b, co_window_corner_a,
          co_window_paths_a, co_window_corner_b, co_window_corner_cb,
          co_window_cross_3, co_window_corner_b, co_window_sun,
          kennysheep_treasure_room
D:13:     gammafunk_dig_for_victory, layout_cave_pools,
          grunt_vaults_entry_fortified, minmay_door_square, uniq_snorg
Temple:   jpeg_temple_clearing
Orc:1:    hellmonk_paralyzer, layout_caves, abandoned_shop

Skill      XL: |  1  2  3  4  5  6  7  8  9 10 11 |
---------------+----------------------------------+-----
Invocations    | 1 2 3 4 5 6 7 |  7.8
Fighting       | 1 2 3 4 5 6 7 |  7.1
Axes           | 1 2 3 4 5 6 7 |  7.1
Maces & Flails | 1 2 3 4 5 6 7 |  7.1
Polearms       | 1 2 3 4 5 6 7 |  7.1
Staves         | 1 2 3 4 5 6 7 |  7.1
Ranged Weapons | 1 2 3 4 5 6 7 |  7.1
Throwing       | 1 2 3 4 5 6 7 |  7.1
Armour         | 1 2 3 4 5 6 7 |  7.1
Dodging        | 1 2 3 4 5 6 7 |  7.1
Stealth        | 1 2 3 4 5 6 7 |  7.1
Unarmed Combat | 1 2 3 4 5 6 7 |  7.1
Spellcasting   | 1 2 3 4 5 6 7 |  7.1
Shapeshifting  | 1 2 3 4 5 6 |  6.5
Conjurations   | 1 2 3 4 5 |  5.9
Hexes          | 1 2 3 4 5 |  5.9
Summonings     | 1 2 3 4 5 |  5.9
Necromancy     | 1 2 3 4 5 |  5.9
Translocations | 1 2 3 4 5 |  5.9
Fire Magic     | 1 2 3 4 5 |  5.9
Ice Magic      | 1 2 3 4 5 |  5.9
Air Magic      | 1 2 3 4 5 |  5.9
Earth Magic    | 1 2 3 4 5 |  5.9
Alchemy        | 1 2 3 4 5 |  5.9
Short Blades   | 5 6 7 8 |  8.5
Evocations     | 5 6 7 8 |  8.5
Long Blades    | 7 8 9 |  9.8
Shields        | 7 8 9 |  9.8

Action                     |  1- 3 |  4- 6 |  7- 9 | 10-12 || total
---------------------------+-------+-------+-------+-------++-------
  Melee: Falchion          |    88 |    38 |   256 |   331 ||   713
         Bite              |    11 |     4 |    22 |    38 ||    75
         Unarmed           |       |       |     9 |       ||     9
  Throw: Javelin           |       |       |     2 |     4 ||     6
         Throwing net      |       |       |     1 |       ||     1
   Cast: Magic Dart        |       |     9 |    26 |    21 ||    56
         Sting             |       |       |    95 |   118 ||   213
         Sticky Flame      |       |       |       |    23 ||    23
         Mephitic Cloud    |       |       |       |    24 ||    24
         Blink             |       |       |       |     2 ||     2
  Evoke: Wand              |       |     7 |     3 |    18 ||    28
    Use: Scroll            |       |       |     3 |     7 ||    10
         Potion            |       |       |     2 |    10 ||    12
   Stab: Confused          |       |       |     1 |    12 ||    13
         Sleeping          |       |       |     2 |     4 ||     6
         Invisible         |       |       |       |     1 ||     1
 Armour: Leather armour    |    29 |     9 |    77 |       ||   115
         Skin              |       |       |     2 |       ||     2
         Acid dragon scale |       |       |    37 |   233 ||   270
  Dodge: Dodged            |    52 |    27 |   182 |   355 ||   616
  Block: Buckler           |    22 |     7 |    68 |   153 ||   250

Table legend: (Time is in decaauts)
 A = Elapsed time spent in this place.
 B = Non-inter-level travel time spent in this place.
 C = Inter-level travel time spent in this place.
 D = Time resting spent in this place.
 E = Time spent auto-exploring this place.
 F = Levels seen in this place.
 G = Mean time per level.
                   A        B        C        D        E       F      G
               +--------+--------+--------+--------+--------+-----+--------+
         Total |   6118 |   6041 |     77 |    192 |    464 |  15 |  407.9 |
       Dungeon |   6061 |   5998 |     63 |    192 |    464 |  13 |  466.2 |
        Temple |     51 |     37 |     14 |      0 |      0 |   1 |   51.0 |
  Orcish Mines |      6 |      6 |      0 |      0 |      0 |   1 |    6.0 |
               +--------+--------+--------+--------+--------+-----+--------+

Top non-repeatable levels by time:
     D:8: 1149 daAuts
     D:9: 864 daAuts
    D:11: 624 daAuts
    D:10: 473 daAuts
     D:7: 466 daAuts
    D:12: 462 daAuts
     D:4: 402 daAuts
     D:5: 362 daAuts
     D:3: 362 daAuts
     D:2: 340 daAuts
     D:1: 303 daAuts
     D:6: 230 daAuts
  Temple: 51 daAuts
    D:13: 18 daAuts
   Orc:1: 6 daAuts
